 Dungeon Crawl Stone Soup version 0.31-a0-486-g8d68a81214 (webtiles) character file.

Game seed: 92790284435209449

61 Ofeo the Changeling (level 3, -1/30 HPs)
             Began as a Draconian Shapeshifter on Aug 7, 2023.
             Slain by a gnoll
             ... wielding a +0 halberd
              (16 damage)
             ... on level 2 of the Dungeon.
             The game lasted 00:02:00 (1404 turns).

Ofeo the Changeling (Draconian Shapeshifter)        Turns: 1404, Time: 00:02:00

Health: -1/30      AC:  5    Str: 17    XL:     3   Next: 83%
Magic:  3/3        EV: 12    Int:  8    God:
Gold:   51         SH:  0    Dex: 13    Spells: 2/2 levels left

rFire   . . .        f - +2 dagger (speed)
rCold   . . .        (no shield)
rNeg    . . .        (body armour unavailable)
rPois   .            (helmet currently unavailable)
rElec   .            (cloak currently unavailable)
rCorr   .            (gloves currently unavailable)
SInv    .            (boots currently unavailable)
Will    .....        (no amulet)
Stlth   +            (no ring)
HPRegen 0.25/turn    (no ring)
MPRegen 0.08/turn

%: no passive effects
@: beast-form
A: beast (slay +2), AC +5, unfitting armour, cold-blooded
a: Begin Untransformation


You were on level 2 of the Dungeon.
You were a hulking beast.
You visited 1 branch of the dungeon, and saw 2 of its levels.

You collected 51 gold pieces.

Inventory:

Hand Weapons
 f - a +2 dagger of speed (weapon)
Talismans
 b - a beast talisman (active)
Scrolls
 e - 3 scrolls of noise
 h - a scroll of teleportation {unknown}
Potions
 a - a potion of lignification
 c - a potion of heal wounds {unknown}
 g - a potion of mutation {unknown}


   Skills:
 + Level 2.3 Fighting
 + Level 2.4 Dodging
 - Level 3.3 Unarmed Combat
 + Level 3.4 Shapeshifting


You had 2 spell levels left.
You didn't know any spells.
Your spell library was empty.

Dungeon Overview and Level Annotations

Branches:
Dungeon (2/15)

Altars:


Innate Abilities, Weirdness & Mutations

You are a hulking beast.
Your limbs bulge with bestial killing power. (Slay +2)
Your plain brown scales are hard. (AC +5)
You cannot fit into any form of body armour.
You are cold-blooded and may be slowed by cold attacks.


Message History

You hit the gnoll.
You tail-slap the gnoll, but do no damage.
The gnoll is moderately wounded.
The gnoll hits you from afar with a +0 spear. x2
The gnoll closely misses you.
You take 8 damage, and have 13/30 hp.
MASSIVE DAMAGE!!
The gnoll closely misses you.
A kobold comes into view. It is wielding a +0 hand axe.
The kobold shouts!
The kobold throws a stone.
The stone closely misses you.
The kobold throws a stone.
The stone misses you.
The kobold throws a stone.
The stone barely misses you.
Items here: ÷÷÷÷.
The goblin hits you but does no damage.
Items here: ÷÷÷÷.
You hit the goblin. You punch the goblin.
You kill the goblin!
You completely miss the kobold. You closely miss the kobold.
The kobold hits you with a +0 hand axe. The gnoll hits you but does no damage.
You take 2 damage, and have 23/30 hp.
You miss the kobold. The kobold hits you with a +0 hand axe.
The gnoll misses you.
You take 3 damage, and have 20/30 hp.
You hit the kobold but do no damage. You hit the kobold.
You kill the kobold!
Okay, then.
Okay, then.
As you read the scroll labelled PEIMIG QUBLAGOHO, it crumbles to dust.
It is a scroll of identify.
e - 3 scrolls of noise The gnoll barely misses you.
The gnoll hits you from afar with a +0 spear.
You take 6 damage, and have 15/30 hp.
You barely miss the gnoll.
The gnoll is moderately wounded.
The gnoll hits you with a +0 halberd!
Ouch! That really hurt!
You die...

#...##.......### #...# #.#
##########.#.......# #K..# #.#
#[....####.#.......###...####.#
#.)...#)...#..##.....g........#
#(.........#).#...............#
#.....#.......................#
#.....####.........#.#...#.####
####### ###..####.#.#...#.#
#...hgg.#.#...#.#
###########<#######.#÷..#.#
#...........# #.#...#.#
#.########### #.......# ###.#
##.....## ....# #.#.... ##..#
#.#..... #..# .[.....#. #### ..
........


You could see 2 gnolls.

Vanquished Creatures
  2 adders (D:2)
  A dart slug (D:1)
  5 ball pythons
  3 endoplasms (D:1)
  3 giant cockroaches
  A hobgoblin (D:2)
  7 jackals
  A frilled lizard (D:1)
  4 goblins
  6 kobolds
  6 rats
39 creatures vanquished.

Notes
Turn   | Place    | Note
-------+----------+-------------------------------------------
     0 | D:1      | Ofeo the Draconian Shapeshifter began the quest for the
                  | Orb.
     0 | D:1      | Reached XP level 1. HP: 16/16 MP: 1/1
   193 | D:1      | Reached XP level 2. HP: 23/23 MP: 2/2
   900 | D:2      | Reached XP level 3. HP: 26/29 MP: 3/3
  1404 | D:2      | Slain by a gnoll

Illustrated notes

Levels and vault maps discovered:
D:1:      mrwooster_arrival_statue, layout_loops_ring
D:2:      layout_loops_cross

Skill      XL: |  1  2 |
---------------+-------+-----
Dodging        | 2 |  2.4
Fighting       | 2 |  2.3
Unarmed Combat | |  3.3
Shapeshifting  | |  3.4

Action                     || total
---------------------------++-------
  Melee: Unarmed           ||    41
         Tailslap          ||     9
         Dagger            ||    53
         Punch             ||     1
    Use: Scroll            ||     1
   Stab: Sleeping          ||     1
 Armour: Skin              ||    26
  Dodge: Dodged            ||    60

Table legend: (Time is in decaauts)
 A = Elapsed time spent in this place.
 B = Non-inter-level travel time spent in this place.
 C = Inter-level travel time spent in this place.
 D = Time resting spent in this place.
 E = Time spent auto-exploring this place.
 F = Levels seen in this place.
 G = Mean time per level.
                   A        B        C        D        E       F      G
               +--------+--------+--------+--------+--------+-----+--------+
         Total |   1383 |   1331 |     52 |      0 |   1058 |   2 |  691.5 |
       Dungeon |   1383 |   1331 |     52 |      0 |   1058 |   2 |  691.5 |
               +--------+--------+--------+--------+--------+-----+--------+

Top non-repeatable levels by time:
     D:1: 844 daAuts
     D:2: 539 daAuts
